Map: Sueño eterno EE

Players

seriousgreen - Winner!

  • Race: Terran Terran
  • League: Gold
  • Spawn Location: 7:00

MrFercho

  • Race: Zerg Zerg
  • League: Gold
  • Spawn Location: 1:00

VOD

Have the link to the VOD?

Description

Time

  • Played on: July 23, 2020, 11:21 p.m.
  • Length: 9:59
Show
View Real Time Build Order
Export as new Build Order

seriousgreen Terran - Winner!

Build Orders: Liberator Opening 

Get SALT Encoding   

  12  0:01  SCV  
  13  0:13  SCV  
  14  0:20  Supply Depot  
  14  0:25  SCV  
  15  0:32  Refinery  
  15  0:41  SCV  
  16  0:47  Barracks  
  16  0:53  SCV  
  17  1:05  SCV  
  18  1:17  SCV  
  19  1:34  Orbital Command  
  19  1:35  Barracks Reactor  
  19  1:47  Command Center  
  19  2:00  SCV  
  19  2:01  Factory  
  20  2:11  Supply Depot  
  20  2:12  Marine  
  21  2:17  Marine  
  21  2:22  SCV  
  23  2:32  Refinery  
  23  2:34  SCV  
  24  2:37  Marine x2  
  26  2:44  Factory Tech Lab  
  26  2:49  Starport  
  26  2:51  SCV  
  27  2:58  Marine  
  27  2:59  Marine  
  27  3:03  SCV  
  30  3:07  Orbital Command  
  30  3:15  SCV  
  30  3:19  Siege Tank  
  34  3:43  Liberator  
  34  3:46  SCV  
  34  3:48  Marine x2  
  40  4:02  Siege Tank  
  43  4:06  SCV  
  43  4:09  SCV  
  45  4:10  Supply Depot  
  45  4:12  Marine  
  46  4:23  Barracks  
  46  4:24  Barracks  
  46  4:28  Refinery  
  46  4:29  Refinery  
  46  4:31  Marine  
  46  4:32  SCV x2, Starport Reactor  
  46  4:33  Supply Depot  
  52  4:38  Siege Tank  
  52  4:45  SCV x2  
  54  4:54  Marine x2  
  54  4:55  Supply Depot  
  56  5:04  SCV x2  
  58  5:14  Siege Tank  
  61  5:17  Medivac  
  63  5:23  Barracks Tech Lab x2  
  63  5:24  Marine x2  
  65  5:29  Supply Depot  
  65  5:38  SCV x2  
  67  5:47  Siege Tank  
  70  5:50  Stimpack  
  70  5:51  Marine x4  
  70  5:56  Supply Depot  
  74  5:59  Combat Shield  
  74  6:05  SCV x2  
  76  6:11  Medivac  
  78  6:19  Supply Depot  
  78  6:21  Supply Depot  
  78  6:38  SCV x2  
  77  6:40  Marine  
  77  6:41  Marine x3  
  77  6:43  Siege Tank  
  77  6:44  Medivac x2  
  88  6:50  SCV x2, Supply Depot  
  88  6:53  Supply Depot  
  90  6:56  Engineering Bay x2  
  90  6:59  Marine  
  90  7:00  Marine x3  
  94  7:16  Medivac x2, Barracks  
  94  7:17  Siege Tank  
  94  7:18  Marine x4, Barracks  
  105  7:23  Supply Depot  
  105  7:27  Supply Depot  
  105  7:35  Terran Infantry Weapons Level 1  
  105  7:36  Terran Infantry Armor Level 1  
  105  7:37  Marine x3  
  105  7:38  Marine  
  109  7:59  Medivac x2  
  109  8:00  Marine x3, Siege Tank  
  109  8:01  Marine  
  120  8:07  Supply Depot  
  120  8:08  Supply Depot  
  120  8:13  SCV x2  
  120  8:14  Missile Turret x2  
  120  8:17  Barracks Tech Lab  
  120  8:18  Barracks Reactor x2  
  122  8:23  Marine x2  
  122  8:24  Marine x2  
  115  8:50  Marine x3  
  115  8:51  Marine  
  119  8:57  Marine x2  
  119  8:58  Marine x2  
  123  9:08  Marine  
  123  9:20  Marine x6  
  123  9:21  Marine  
Show
View Real Time Build Order
Export as new Build Order

MrFercho Zerg 

Build Orders: Hatch First 

Get SALT Encoding   

  12  0:01  Drone  
  13  0:13  Overlord  
  13  0:18  Drone  
  14  0:31  Drone x2  
  16  0:50  Hatchery  
  16  0:52  Drone  
  16  0:56  Drone  
  17  0:59  Drone  
  18  1:07  Extractor  
  17  1:17  Spawning Pool  
  17  1:18  Drone  
  17  1:28  Drone  
  17  1:31  Drone  
  19  1:39  Drone  
  20  1:50  Overlord  
  20  2:06  Queen x2  
  20  2:08  Zergling x4  
  26  2:16  Drone x2  
  28  2:24  Drone x2  
  28  2:28  Metabolic Boost  
  30  2:49  Lair  
  30  2:51  Drone x4  
  33  2:53  Queen  
  36  3:04  Overlord  
  36  3:05  Overlord  
  36  3:12  Baneling Nest  
  36  3:15  Drone  
  36  3:40  Overlord x2  
  36  3:42  Drone x2  
  36  3:43  Drone x5  
  43  3:59  Extractor  
  42  4:19  Zergling x16  
  42  4:22  Drone x3  
  53  4:35  Drone  
  53  4:37  Drone  
  55  4:43  Hatchery  
  55  4:44  Hydralisk Den  
  53  4:56  Drone x2  
  53  4:57  Extractor  
  53  4:58  Drone x3  
  53  4:59  Hatchery, Overlord  
  56  5:20  Evolution Chamber  
  55  5:25  Evolution Chamber  
  43  5:37  Spore Crawler  
  43  5:38  Hydralisk x10  
  43  5:42  Spore Crawler  
  61  6:03  Drone x6  
  61  6:04  Drone  
  68  6:10  Zerg Missile Weapons Level 1  
  68  6:16  Drone x5  
  73  6:39  Muscular Augments  
  73  6:44  Drone x2  
  75  6:48  Baneling  
  75  6:49  Baneling x3  
  75  6:53  Overlord x2  
  75  6:55  Drone  
  75  6:56  Drone x4  
  80  7:20  Zerg Melee Weapons Level 1  
  80  7:21  Centrifical Hooks  
  80  7:38  Hydralisk x2  
  84  7:45  Drone x3  
  84  7:46  Extractor  
  84  7:49  Drone x2  
  84  7:50  Grooved Spines  
  88  7:55  Lurker Den  
  88  7:57  Drone x9  
  96  8:00  Extractor  
  96  8:01  Overlord x4, Extractor  
  96  8:02  Overlord  
  69  8:35  Hydralisk x5  
  69  8:37  Zergling x20  
  80  8:54  Hydralisk x2  
  80  8:55  Hydralisk x2  
  86  8:57  Zergling x4  
  86  9:00  Extractor  
  86  9:01  Hatchery  
  86  9:05  Extractor  
  75  9:12  Zergling x2  
  75  9:13  Zergling x10  
  71  9:20  Baneling x4  
  71  9:22  Zergling x4  
Tags
 
Add a new tag
Caveats
  • Supply blocks, unpowered buildings, or Contaminate may cause inaccurate times.
  • Supply counts are checked every 10 seconds.